[Event "Titled Tuesday Blitz May 2 Early 2023"]
[White "Singh, Arvinder Preet"]
[Black "Leenhouts, Koen"]
[WhiteFideId "5013240"]
[BlackFideId "1008439"]
[WhiteElo "2124"]
[BlackElo "2409"]
[Result "0-1"]
[Round "08"]
[TimeControl "180+2"]
[Date "2023.05.02"]
[WhiteClock "0:01:52"]
[BlackClock "0:00:51"]

1. e4 e5 2. Nf3 d6 3. d4 exd4 4. Nxd4 Nf6 5. Nc3 Be7 6. Bf4 O-O 7. Qd2 Nc6 8. O-O-O Nxd4 9. Qxd4 a6 10. f3 Nd7 11. Qd2 b5 12. Kb1 Bb7 13. Nd5 Bxd5 14. exd5 Bf6 15. Bd3 Nc5 16. h4 Na4 17. c3 b4 18. Bxh7+ Kxh7 19. Qc2+ Kg8 20. Qxa4 bxc3 21. b3 Re8 22. Qc4 a5 23. Bg5 a4 24. b4 Rb8 25. a3 Bxg5 26. hxg5 Qxg5 27. Qxc3 Re3 28. Qc2 Rb3+ 29. Ka2 g6 30. Rd3 Rxd3 31. Qxd3 Qxg2+ 0-1


[Site "https://www.chess.com"]

[Event "Titled Tuesday Blitz May 2 Early 2023"]
[White "Shukhman, Anna"]
[Black "Quesada Perez, Yuniesky"]
[WhiteFideId "54180058"]
[BlackFideId "3504409"]
[WhiteElo "2125"]
[BlackElo "2585"]
[Result "0-1"]
[Round "08"]
[TimeControl "180+2"]
[Date "2023.05.02"]
[WhiteClock "0:00:14"]
[BlackClock "0:00:04"]

1. e4 d5 2. exd5 Qxd5 3. Nc3 Qa5 4. d4 Nf6 5. Nf3 Bf5 6. Bc4 e6 7. O-O Bb4 8. Qe2 O-O 9. Bd2 Nc6 10. a3 Bxc3 11. Bxc3 Qb6 12. d5 Nxd5 13. Bxd5 exd5 14. Rad1 Rad8 15. Nd4 Nxd4 16. Bxd4 Qg6 17. c3 b6 18. b4 Rfe8 19. Qd2 h5 20. Kh1 Re6 21. Rfe1 Re4 22. f3 Ree8 23. Re5 Rxe5 24. Bxe5 c5 25. Qf4 Re8 26. bxc5 bxc5 27. Bd6 Re2 28. Rg1 d4 29. cxd4 c4 30. Bb4 Qe6 31. Qg5 Qd5 32. Qxh5 a5 33. Bc3 Re3 34. Bd2 Rd3 35. Bf4 c3 36. Be5 Bg6 37. Qg5 c2 38. Qg4 Qc4 39. Qg5 Qc8 40. h4 Rd1 41. Bf4 Qf5 42. Qd8+ Kh7 43. Bg5 f6 44. Be3 Qd3 45. Qe7 Rxg1+ 46. Kxg1 Qd1+ 47. Kh2 c1=Q 48. Bxc1 Qxc1 49. Qc5 Qf4+ 50. g3 Qxf3 51. d5 Be4 52. Qg1 Bxd5 53. g4 Qf4+ 54. Kh3 Be6 55. Qb1+ f5 56. g5 Qe4 57. Qb8 f4+ 58. Kh2 Qe2+ 59. Kg1 Qe3+ 60. Kf1 Bh3# 0-1


[Site "https://www.chess.com"]

[Event "Titled Tuesday Blitz May 2 Early 2023"]
[White "Chernov, Mikhail"]
[Black "Ilamparthi A R"]
[WhiteFideId "24143170"]
[BlackFideId "45015775"]
[WhiteElo "2113"]
[BlackElo "2348"]
[Result "0-1"]
[Round "08"]
[TimeControl "180+2"]
[Date "2023.05.02"]
[WhiteClock "0:00:04"]
[BlackClock "0:00:19"]

1. e4 c5 2. Nf3 e6 3. d3 Nc6 4. g3 g6 5. Bg2 Bg7 6. O-O Nge7 7. Nbd2 d5 8. Re1 O-O 9. Nf1 Rb8 10. Qe2 b5 11. e5 a5 12. h4 a4 13. N1h2 a3 14. bxa3 f6 15. Ng4 fxe5 16. Ngxe5 Nxe5 17. Nxe5 Qd6 18. Bf4 Rxf4 19. gxf4 Nf5 20. h5 Nd4 21. Qd1 g5 22. h6 Bxh6 23. Qh5 Qf8 24. Ng4 Bg7 25. Bxd5 Nxc2 26. Be4 h6 27. Qg6 Qxf4 28. Qe8+ Qf8 29. Qg6 Qf4 30. Qe8+ Qf8 31. Qg6 Qe7 32. Nxh6+ Kf8 33. Rac1 Nxe1 34. Rxe1 Qf6 35. Qxf6+ Bxf6 36. Ng4 Bc3 37. Re3 e5 38. Rf3+ Ke7 39. Nh6 Be6 40. Nf5+ Kd7 41. Ng3 Bxa2 42. Rf6 b4 43. axb4 cxb4 44. Nf5 Be6 45. Ng7 Bg8 46. Ra6 b3 47. Bf5+ Kc7 48. Ra7+ Kb6 49. Ra3 b2 50. d4 exd4 51. Ne6 Bxe6 52. Bxe6 b1=Q+ 0-1


[Site "https://www.chess.com"]

[Event "Titled Tuesday Blitz May 2 Early 2023"]
[White "Stanojevic, Ilija"]
[Black "Souleidis, Georgios"]
[WhiteFideId "959995"]
[BlackFideId "4206827"]
[WhiteElo "2138"]
[BlackElo "2401"]
[Result "0-1"]
[Round "08"]
[TimeControl "180+2"]
[Date "2023.05.02"]
[WhiteClock "0:00:04"]
[BlackClock "0:00:14"]

1. d4 Nf6 2. c4 g6 3. Nc3 Bg7 4. g3 O-O 5. Bg2 d6 6. Nf3 Nc6 7. O-O e5 8. dxe5 Nxe5 9. Nxe5 dxe5 10. Qxd8 Rxd8 11. Bg5 Rd7 12. h3 c6 13. Na4 h6 14. Be3 Rd8 15. Nc5 Bf8 16. Rfd1 Re8 17. Rd2 Kg7 18. Rad1 Be7 19. g4 Rg8 20. a4 Rb8 21. a5 b6 22. axb6 axb6 23. Nb3 Be6 24. Rc2 Rgc8 25. Nd2 b5 26. cxb5 cxb5 27. Rdc1 Rxc2 28. Rxc2 Nd5 29. Bc5 Kf8 30. Bxe7+ Kxe7 31. Rc5 Kd6 32. Ne4+ Ke7 33. b3 Nf4 34. Bf3 Bxb3 35. Kh2 Be6 36. Rxe5 b4 37. Rc5 b3 38. Rc1 b2 39. Rb1 Ba2 40. Nd2 Bxb1 41. Nxb1 g5 42. Kg3 Rc8 43. Be4 Rc1 44. Bf5 Nxe2+ 45. Kf3 Nc3 46. Nxc3 Rxc3+ 0-1


[Site "https://www.chess.com"]

[Event "Titled Tuesday Blitz May 2 Early 2023"]
[White "Martinez Reyes, Pedro Ramon"]
[Black "Arpita, Mukherjee"]
[WhiteFideId "3901807"]
[BlackFideId "5056403"]
[WhiteElo "2340"]
[BlackElo "2129"]
[Result "0-1"]
[Round "08"]
[TimeControl "180+2"]
[Date "2023.05.02"]
[WhiteClock "0:00:02"]
[BlackClock "0:00:31"]

1. e4 c5 2. Nf3 d6 3. Bb5+ Nd7 4. O-O a6 5. Bd3 Ngf6 6. Re1 Ne5 7. Nxe5 dxe5 8. b3 g6 9. Bb2 Nd7 10. a4 Bg7 11. Na3 b6 12. f4 O-O 13. Qf3 exf4 14. Bxg7 Kxg7 15. Qxf4 e5 16. Qg3 Bb7 17. Nc4 Qc7 18. Rf1 Rae8 19. Ne3 Kh8 20. Rf2 f6 21. Raf1 Qd6 22. Qh4 Qe7 23. Bc4 Qg7 24. d3 f5 25. Bd5 f4 26. Bxb7 fxe3 27. Rxf8+ Rxf8 28. Rxf8+ Nxf8 29. Bd5 h6 30. Kf1 g5 31. Qg3 Qf6+ 32. Qf3 Qf4 33. h3 Ng6 34. Bf7 Qxf3+ 35. gxf3 Nf4 36. Be8 Kg7 37. Bd7 a5 38. Ke1 Kg6 39. Kf1 Kh5 0-1


[Site "https://www.chess.com"]

[Event "Titled Tuesday Blitz May 2 Early 2023"]
[White "Skliarov, Viktor"]
[Black "Lopez Gracia, Fernando"]
[WhiteFideId "14106736"]
[BlackFideId "2207184"]
[WhiteElo "2317"]
[BlackElo "2255"]
[Result "1-0"]
[Round "08"]
[TimeControl "180+2"]
[Date "2023.05.02"]
[WhiteClock "0:00:04"]
[BlackClock "0:00:11"]

1. e4 e5 2. Nc3 Nf6 3. Bc4 Bc5 4. d3 O-O 5. a3 c6 6. Qf3 h6 7. Nge2 d6 8. h3 Be6 9. O-O Nbd7 10. Ng3 b5 11. Ba2 Kh7 12. Nf5 Bxf5 13. Qxf5+ g6 14. Qf3 Qe7 15. Bd2 Nh5 16. Rae1 Ng7 17. Kh2 Ne6 18. Ne2 Rae8 19. Qg3 f5 20. f4 fxe4 21. dxe4 Nxf4 22. Bxf4 exf4 23. Nxf4 Ne5 24. Ne6 Rf6 25. Nxc5 dxc5 26. Kg1 Ref8 27. c3 Qd6 28. Rxf6 Rxf6 29. Qe3 c4 30. Bb1 Kg7 31. Bc2 Rf7 32. Rd1 Qe7 33. Qd4 Qf6 34. Re1 Rd7 35. Qe3 Qg5 36. Qxg5 hxg5 37. Kf2 Kf6 38. Ke3 Nd3 39. Rd1 Nc5 40. Rf1+ Ke5 41. Rf8 Ne6 42. Rg8 Rg7 43. Ra8 Re7 44. Rc8 c5 45. a4 a6 46. Rb8 Nc7 47. Bd1 Kd6 48. Bf3 bxa4 49. Rb6+ Kd7 50. Rxg6 Nd5+ 51. Kd2 Nf4 52. Rxa6 Ne6 53. Rxa4 Kd6 54. Ke3 Rb7 55. Ra6+ Ke5 56. g3 Rxb2 57. Bg4 Nd4 58. cxd4+ cxd4+ 59. Kf3 Rb3+ 60. Kf2 Kxe4 61. Rc6 Rb2+ 62. Ke1 c3 63. h4 c2 64. Kd2 d3 65. hxg5 Rb1 66. g6 Rb6 67. Rxb6 1-0


[Site "https://www.chess.com"]

[Event "Titled Tuesday Blitz May 2 Early 2023"]
[White "Kukula, Pawel"]
[Black "Janaszak, Dawid"]
[WhiteFideId "1115081"]
[BlackFideId "1119206"]
[WhiteElo "2012"]
[BlackElo "2220"]
[Result "0-1"]
[Round "08"]
[TimeControl "180+2"]
[Date "2023.05.02"]
[WhiteClock "0:00:03"]
[BlackClock "0:00:12"]

1. d4 d5 2. c4 e6 3. Nc3 c5 4. cxd5 exd5 5. Nf3 Nc6 6. g3 Nf6 7. Bg2 Be7 8. O-O cxd4 9. Nxd4 O-O 10. Be3 Ng4 11. Bf4 Nf6 12. Be3 Ne5 13. Qb3 Nc4 14. Nxd5 Nxe3 15. Nxe7+ Qxe7 16. fxe3 Re8 17. e4 Be6 18. Nxe6 Qxe6 19. Qxe6 Rxe6 20. e5 Rxe5 21. Bxb7 Rb8 22. Bf3 Rxb2 23. Rab1 Rxa2 24. Rb8+ Re8 25. Rfb1 Kf8 26. R8b7 g6 27. Rc7 Re7 28. Rb8+ Ne8 29. Rcc8 Ra5 30. Kf2 Rae5 31. Ra8 Kg7 32. h4 h5 33. Rc6 Nf6 34. Ra6 Ne4+ 35. Kg2 Nc3 36. R6xa7 Nxe2 37. Rxe7 Rxe7 38. Bxe2 Rxe2+ 39. Kf3 Rb2 40. Ra3 Rb5 41. Ra6 Rf5+ 42. Kg2 Rf6 43. Ra8 Re6 44. Ra5 Kf6 45. Rb5 Rd6 46. Ra5 Ke6 47. Rb5 Rd5 48. Rb7 f6 49. Kf3 Rd3+ 50. Kg2 Kf5 51. Rb5+ Ke4 52. Rb6 Rd2+ 53. Kh3 Ke5 54. Rb5+ Rd5 55. Rb6 Kf5 56. Rb4 Re5 57. Rf4+ Ke6 58. Ra4 g5 59. hxg5 fxg5 60. Ra6+ Kf5 61. Rh6 Re1 62. g4+ hxg4+ 63. Kg3 Re3+ 64. Kf2 Rc3 65. Rh8 g3+ 66. Kg2 Kg4 67. Ra8 Rc2+ 68. Kg1 Rb2 69. Rh8 Rf2 70. Ra8 Rf4 71. Ra3 Kh3 72. Ra8 Rc4 73. Rh8+ Kg4 74. Ra8 Rc1+ 75. Kg2 Rc2+ 76. Kg1 Rf2 77. Rh8 Rd2 78. Ra8 Kf4 79. Rf8+ Kg4 80. Rh8 Rh2 81. Rf8 Re2 82. Rh8 Rb2 83. Rf8 g2 84. Rh8 Kg3 85. Rh3+ Kf4 86. Rh8 g4 87. Rf8+ Kg3 88. Rf3+ Kxf3 0-1


[Site "https://www.chess.com"]

[Event "Titled Tuesday Blitz May 2 Early 2023"]
[White "Budrewicz, Krzysztof"]
[Black "Gurevich, Dmitry"]
[WhiteFideId "1127950"]
[BlackFideId "2000407"]
[WhiteElo "2230"]
[BlackElo "2506"]
[Result "1/2-1/2"]
[Round "08"]
[TimeControl "180+2"]
[Date "2023.05.02"]
[WhiteClock "0:01:37"]
[BlackClock "0:00:01"]

1. d4 Nf6 2. c4 a6 3. Nc3 c5 4. d5 b5 5. Nf3 b4 6. Na4 d6 7. g3 g6 8. b3 Bg7 9. Bb2 Bd7 10. Bg2 Bxa4 11. bxa4 O-O 12. O-O Nbd7 13. Re1 Qa5 14. e4 Nb6 15. Bxf6 Bxf6 16. e5 Bg7 17. Qd3 Qxa4 18. h4 Qa3 19. Qxa3 bxa3 20. Rac1 Rab8 21. Rc3 a5 22. Bf1 Nd7 23. Rxa3 Nxe5 24. Nxe5 Bxe5 25. Rxa5 Rb2 26. Ra7 Bf6 27. Bd3 Rfb8 28. Re3 Rd2 29. Rf3 h5 30. Kg2 Rbb2 31. a4 Bd4 32. Rxe7 Rxf2+ 33. Rxf2 Rxf2+ 34. Kh3 Ra2 35. Ra7 Bg1 36. g4 Ra3 37. Kg2 Rxd3 38. Kxg1 hxg4 39. Kg2 Rc3 40. Rd7 Rxc4 41. Rxd6 Rxa4 42. Rc6 Rd4 43. Rxc5 Kg7 44. Kg3 Kf6 45. Ra5 Ke5 46. Ra7 f5 47. Ra6 Rd3+ 48. Kg2 Kf4 49. Rxg6 Rd2+ 50. Kf1 Kf3 51. Ke1 Rxd5 52. h5 g3 53. h6 g2 54. h7 Rd8 55. Rg8 g1=Q+ 56. Rxg1 Rh8 57. Rg7 Kf4 58. Kf2 Ke5 59. Kf3 Kf6 60. Ra7 Kg6 61. Kf4 Rxh7 62. Ra6+ Kg7 63. Kxf5 Rh5+ 64. Kg4 Rh6 65. Ra7+ Kg8 66. Ra8+ Kg7 67. Ra7+ Kg8 68. Ra8+ Kg7 69. Ra7+ 1/2-1/2


[Site "https://www.chess.com"]

[Event "Titled Tuesday Blitz May 2 Early 2023"]
[White "Sousa, Andre Ventura"]
[Black "Avazkhonov, Alikhon"]
[WhiteFideId "1917617"]
[BlackFideId "14208504"]
[WhiteElo "2348"]
[BlackElo "1739"]
[Result "0-1"]
[Round "08"]
[TimeControl "180+2"]
[Date "2023.05.02"]
[WhiteClock "0:00:07"]
[BlackClock "0:00:07"]

1. e4 c5 2. Nf3 d6 3. Bb5+ Nd7 4. d4 cxd4 5. Nxd4 Nf6 6. Bd3 a6 7. c4 e5 8. Nf5 Nc5 9. Nc3 Bxf5 10. exf5 d5 11. cxd5 Bd6 12. Bc2 O-O 13. g4 e4 14. g5 Nfd7 15. b4 Nd3+ 16. Bxd3 exd3 17. Qxd3 Ne5 18. Qh3 Bxb4 19. O-O Bxc3 20. Qxc3 Qxd5 21. Bb2 Nf3+ 22. Kg2 Nh4+ 23. Kh3 Nxf5 24. Rad1 Qe4 25. Rfe1 Qh4+ 26. Kg2 Qxg5+ 27. Kh1 f6 28. Rg1 Qf4 29. Rd7 Rfd8 30. Qb3+ Kh8 31. Qf7 Qf3+ 32. Rg2 Re8 33. Bc3 Qxc3 34. Qd5 Re1+ 35. Rg1 Rxg1+ 36. Kxg1 Re8 37. Qxf5 Re1+ 38. Kg2 Qc6+ 39. Kh3 Re8 40. Qg4 Qc3+ 41. f3 g6 42. Qf4 Kg8 43. Rxb7 Re3 44. Qc7 Rxf3+ 45. Kg2 Qxc7 46. Rxc7 Ra3 47. Ra7 Rxa2+ 48. Kg3 Ra3+ 49. Kf4 a5 50. Ke4 a4 51. Kd5 Rh3 52. Ke6 Rxh2 53. Kxf6 Rf2+ 54. Kg5 Ra2 55. Kh6 a3 56. Rg7+ Kf8 57. Ra7 Rh2+ 58. Kg5 a2 59. Kf6 Ke8 60. Ke6 Kd8 61. Kd6 Kc8 62. Kc6 Kb8 63. Ra3 Rc2+ 64. Kb6 g5 65. Re3 a1=Q 66. Re8+ Rc8 67. Re7 Qd4+ 68. Ka6 Qd6+ 69. Kb5 Rc5+ 70. Kb4 Qd4+ 0-1


[Site "https://www.chess.com"]

[Event "Titled Tuesday Blitz May 2 Early 2023"]
[White "Bouget, Alexandre"]
[Black "Hajiyev, Kanan"]
[WhiteFideId "681318"]
[BlackFideId "13404148"]
[WhiteElo "2182"]
[BlackElo "2103"]
[Result "1-0"]
[Round "08"]
[TimeControl "180+2"]
[Date "2023.05.02"]
[WhiteClock "0:00:17"]
[BlackClock "0:00:03"]

1. d4 d5 2. c4 c6 3. Nc3 Nf6 4. Nf3 a6 5. e3 Bg4 6. h3 Bf5 7. c5 Nbd7 8. g4 Bg6 9. Bg2 h5 10. Nh4 Bh7 11. g5 Ne4 12. Qxh5 Nxc3 13. bxc3 g6 14. Qe2 Bg7 15. Nf3 O-O 16. h4 e5 17. Bd2 b6 18. cxb6 Qxb6 19. O-O e4 20. Nh2 f5 21. Rfb1 Qc7 22. Rb3 Nb6 23. Bf1 Nc4 24. Rab1 Rab8 25. Bc1 a5 26. Qc2 Nd6 27. Rxb8 Rxb8 28. Rxb8+ Qxb8 29. Qb3 Qb7 30. Qxb7 Nxb7 31. Ba6 Nd6 32. Ba3 Bf8 33. Nf1 Nb5 34. Bxf8 Kxf8 35. Bxb5 cxb5 36. Nd2 a4 37. Nb1 Ke7 38. Na3 Kd7 39. Nxb5 Bg8 40. Na3 Kc6 41. Kf1 Be6 42. Ke2 Bc8 43. Kd2 Ba6 44. Nc2 Bc8 45. Nb4+ Kd6 46. a3 Bd7 47. Nc2 Ke6 48. Ne1 f4 49. Ng2 Kf5 50. Nxf4 Bc6 51. c4 dxc4 52. Kc3 Bb5 53. Kb4 Ba6 54. Kxa4 1-0


[Site "https://www.chess.com"]

[Event "Titled Tuesday Blitz May 2 Early 2023"]
[White "Erzhanov, Arman"]
[Black "Gutkin, Ilya"]
[WhiteFideId "4138821"]
[BlackFideId "16203470"]
[WhiteElo "2138"]
[BlackElo "2265"]
[Result "0-1"]
[Round "08"]
[TimeControl "180+2"]
[Date "2023.05.02"]
[WhiteClock "0:00:57"]
[BlackClock "0:00:26"]

1. e4 e6 2. d4 d5 3. Nd2 c5 4. exd5 Qxd5 5. Ngf3 cxd4 6. Bc4 Qd7 7. Nb3 Nc6 8. O-O a6 9. Nbxd4 Nxd4 10. Nxd4 Bc5 11. c3 Qc7 12. Bd3 Nf6 13. Bg5 h6 14. Bh4 Bd7 15. Bg3 Bd6 16. Bxd6 Qxd6 17. Qf3 Bc6 18. Nxc6 Qxc6 19. Qxc6+ bxc6 20. Rfd1 Ke7 21. Be2 a5 22. Rd4 Rhb8 23. b3 a4 24. Rxa4 Rxa4 25. bxa4 Nd5 26. c4 Nc3 27. Bf3 Kd7 28. a5 Ra8 29. a4 Rxa5 30. Ra3 Rxa4 31. Rxa4 Nxa4 32. Kf1 Kd6 33. Ke1 Nb2 34. Be2 Kc5 35. Kd2 Nxc4+ 36. Kc3 Nd6 37. Bd3 e5 38. f3 f5 39. Bc2 g5 40. g3 Nb5+ 41. Kd3 Nd4 42. Bd1 Kd5 43. Ke3 f4+ 44. gxf4 gxf4+ 45. Kd3 c5 46. Kc3 c4 47. Kd2 Nb5 48. Be2 Kd4 49. h4 c3+ 50. Kc2 Nd6 51. Bd3 Nc4 52. Be4 Ne3+ 53. Kb3 Ng2 54. h5 Ne1 55. Bf5 Nxf3 56. Kc2 Ng5 57. Kd1 e4 58. Ke2 e3 59. Bg6 f3+ 60. Ke1 Ne4 61. Kd1 Ng3 62. Ke1 f2+ 63. Kd1 f1=Q+ 64. Kc2 Qc4 65. Kc1 Qa2 66. Bc2 Qb2+ 67. Kd1 Qa1+ 68. Bb1 Qxb1# 0-1


[Site "https://www.chess.com"]

[Event "Titled Tuesday Blitz May 2 Early 2023"]
[White "Andreev, Konstantin"]
[Black "Petrova, Irina"]
[WhiteFideId "24239305"]
[BlackFideId "14124122"]
[WhiteElo "2106"]
[BlackElo "2084"]
[Result "1-0"]
[Round "08"]
[TimeControl "180+2"]
[Date "2023.05.02"]
[WhiteClock "0:02:19"]
[BlackClock "0:02:04"]

1. e4 e5 2. Nf3 Nc6 3. Bc4 Bc5 4. c3 Nf6 5. d4 exd4 6. b4 Bb6 7. e5 dxc3 8. exf6 Qxf6 9. O-O O-O 10. Qb3 c2 11. Qxc2 Nxb4 12. Qb3 Qxa1 13. Bb2 Qxa2 14. Qc3 1-0


[Site "https://www.chess.com"]

[Event "Titled Tuesday Blitz May 2 Early 2023"]
[White "Korelskiy, Egor"]
[Black "Khamdamova, Afruza"]
[WhiteFideId "34329064"]
[BlackFideId "14210444"]
[WhiteElo "2186"]
[BlackElo "2210"]
[Result "0-1"]
[Round "08"]
[TimeControl "180+2"]
[Date "2023.05.02"]
[WhiteClock "0:00:03"]
[BlackClock "0:00:11"]

1. e4 c6 2. Nc3 d5 3. Nf3 Bg4 4. h3 Bxf3 5. Qxf3 d4 6. Ne2 e5 7. a3 Nf6 8. d3 Be7 9. g4 Nfd7 10. Bg2 O-O 11. Qg3 c5 12. h4 Nc6 13. h5 Bg5 14. O-O h6 15. f4 exf4 16. Bxf4 Bxf4 17. Nxf4 Nde5 18. Nh3 f6 19. Nf4 Qd7 20. Bh3 Qc7 21. Ne6 Qd6 22. Nxf8 Rxf8 23. Rad1 Nd8 24. g5 hxg5 25. c3 Ndf7 26. Kh1 Nh6 27. b4 g4 28. Bg2 cxb4 29. axb4 dxc3 30. d4 c2 31. Qb3+ Kh8 32. Qxc2 Nc6 33. e5 fxe5 34. dxe5 Rxf1+ 35. Rxf1 Qe7 36. b5 Qh4+ 37. Kg1 Ne7 38. Rf8+ Neg8 39. Qd2 g3 40. e6 Qh2+ 41. Kf1 Qxh5 42. e7 Qxb5+ 43. Ke1 Qe5+ 44. Qe2 Qa1+ 45. Kd2 Qb2+ 46. Ke3 Qa3+ 47. Kf4 Qd6+ 48. Kg5 Qc5+ 49. Kh4 Qd4+ 50. Kxg3 Qd6+ 51. Kh3 Qd7+ 52. Kh2 Ng4+ 53. Qxg4 Qxg4 54. Rxg8+ Kxg8 55. e8=Q+ Kh7 56. Be4+ Kh6 57. Qh8+ Kg5 58. Qxg7+ Kf4 59. Qd4 Qg3+ 60. Kh1 Qe1+ 61. Kh2 Qxe4 62. Qxa7 Qe2+ 63. Kg1 Qe3+ 64. Qxe3+ Kxe3 65. Kf1 b5 66. Ke1 b4 67. Kd1 Kd3 68. Kc1 Kc3 69. Kb1 Kb3 70. Ka1 Kc2 71. Ka2 b3+ 72. Ka1 b2+ 73. Ka2 b1=Q+ 74. Ka3 Qb3# 0-1


[Site "https://www.chess.com"]

[Event "Titled Tuesday Blitz May 2 Early 2023"]
[White "Delorme, Alban"]
[Black "Tarasova, Viktoriya"]
[WhiteFideId "623636"]
[BlackFideId "4175840"]
[WhiteElo "2196"]
[BlackElo "2182"]
[Result "1/2-1/2"]
[Round "08"]
[TimeControl "180+2"]
[Date "2023.05.02"]
[WhiteClock "0:00:10"]
[BlackClock "0:00:13"]

1. e4 e5 2. Nf3 Nc6 3. Bc4 Bc5 4. c3 Nf6 5. d4 exd4 6. b4 Bb6 7. e5 d5 8. exf6 dxc4 9. Qe2+ Be6 10. b5 d3 11. Qe4 O-O 12. bxc6 Bd5 13. Qf4 Re8+ 14. Be3 Bxf3 15. Qxf3 d2+ 16. Nxd2 Bxe3 17. fxe3 Qd3 18. e4 bxc6 19. Qxd3 cxd3 20. fxg7 Kxg7 21. O-O Rab8 22. Rab1 Rb5 23. c4 Ra5 24. Rb3 Rxa2 25. Rxd3 Rc2 26. Rd7 Rf8 27. Nf3 a5 28. Rxc7 a4 29. Rxc6 a3 30. Ra6 a2 31. Nd4 Rb2 32. Nf5+ Kh8 33. h3 Rg8 34. Kh1 Rgxg2 35. Ra8+ Rg8 36. Rxg8+ Kxg8 37. Rg1+ Kf8 38. Nd4 Rb1 39. Nc2 Rb2 40. Na1 Ke7 41. c5 Kd7 42. Rg2 Rb1+ 43. Rg1 Rb2 44. Rg2 Rb1+ 45. Kh2 Rxa1 46. Rc2 Kc6 47. Kg2 h6 48. Kh2 Re1 49. Rxa2 Kxc5 50. Rf2 Rxe4 51. Rxf7 Re6 52. Kg3 Kd5 53. Kf4 Kd6 54. Kf5 Re5+ 55. Kg6 Re6+ 56. Kh5 Re3 57. h4 Re6 58. Rg7 Ke5 59. Rg1 Rf6 60. Re1+ Kd6 61. Rd1+ Ke7 62. Re1+ Kf7 63. Ra1 Kg7 64. Ra7+ Kg8 65. Kg4 Rg6+ 66. Kf5 Rb6 67. h5 Kh8 68. Rc7 Kg8 69. Ra7 Kh8 70. Ra5 Kg8 71. Rc5 Kh8 72. Kg4 Kg8 73. Rc4 Kg7 74. Rf4 Rc6 75. Kh4 Rb6 76. Rc4 Ra6 77. Kg4 Kh7 78. Kf5 Rb6 79. Rc7+ Kg8 80. Re7 Kh8 81. Re6 Rxe6 82. Kxe6 Kh7 83. Kf7 Kh8 84. Kg6 Kg8 85. Kxh6 Kh8 86. Kg6 Kg8 87. h6 Kh8 88. h7 1/2-1/2


[Site "https://www.chess.com"]

[Event "Titled Tuesday Blitz May 2 Early 2023"]
[White "Dehtiarov, Roman"]
[Black "De Souza, Cristiano Gomes"]
[WhiteFideId "14186640"]
[BlackFideId "2151758"]
[WhiteElo "2189"]
[BlackElo "2068"]
[Result "1/2-1/2"]
[Round "08"]
[TimeControl "180+2"]
[Date "2023.05.02"]
[WhiteClock "0:00:04"]
[BlackClock "0:00:11"]

1. c4 Nf6 2. Nc3 g6 3. g3 Bg7 4. Bg2 O-O 5. e4 d6 6. Nge2 Nc6 7. O-O e5 8. d3 a5 9. h3 Nd7 10. Be3 Nc5 11. Kh2 Ne6 12. Nd5 Ned4 13. Bxd4 Nxd4 14. Nxd4 exd4 15. Qd2 c6 16. Nf4 Bd7 17. Ne2 b5 18. b3 bxc4 19. dxc4 c5 20. Nf4 Bc6 21. Nd3 Qc7 22. f4 Rfe8 23. Rae1 Re7 24. Re2 Rae8 25. Rfe1 h5 26. h4 Kh7 27. Nf2 a4 28. b4 f5 29. b5 Bb7 30. Qd3 fxe4 31. Nxe4 Bxe4 32. Bxe4 Kh6 33. Qd2 Bf6 34. Bc2 Qd7 35. Rxe7 Rxe7 36. Rxe7 Qxe7 37. Qd3 Qf7 38. Bxa4 Bxh4 39. Bc2 Bd8 40. Qe4 h4 41. gxh4 Bxh4 42. b6 Bd8 43. b7 Bc7 44. a4 d5 45. cxd5 Qxf4+ 46. Qxf4+ Bxf4+ 47. Kg2 Kg5 48. a5 Kf6 49. Kf3 Bb8 50. Ke4 g5 51. d6 Ke6 52. a6 Kxd6 53. Bd3 Kc6 54. Bc4 Kb6 55. Kf5 Ka5 56. Kxg5 Kb4 57. Be2 c4 58. Kf5 Kc3 59. Ke6 d3 60. Bg4 Kd2 61. Kd7 c3 62. Kc8 Ba7 63. b8=Q Bxb8 64. Kxb8 c2 65. a7 c1=Q 66. a8=Q Qb2+ 67. Kc7 Qg7+ 68. Kb6 Qxg4 69. Qa2+ Ke1 70. Qa1+ Qd1 71. Qc3+ Ke2 72. Qe5+ Kd2 73. Qf4+ Kc2 74. Qa4+ Kd2 75. Qf4+ Kc3 76. Qe5+ Kc2 77. Qc5+ Kb1 78. Qb4+ Kc1 79. Qa3+ Kd2 80. Qb4+ Ke2 81. Qg4+ Ke1 82. Qg3+ Kd2 83. Qf4+ 1/2-1/2


[Site "https://www.chess.com"]

[Event "Titled Tuesday Blitz May 2 Early 2023"]
[White "Liu, Xiangyi"]
[Black "Rottenwohrer Suarez, Juan"]
[WhiteFideId "8605718"]
[BlackFideId "32068182"]
[WhiteElo "2323"]
[BlackElo "2174"]
[Result "1-0"]
[Round "08"]
[TimeControl "180+2"]
[Date "2023.05.02"]
[WhiteClock "0:00:17"]
[BlackClock "0:00:02"]

1. e4 c5 2. Nc3 g6 3. d4 cxd4 4. Qxd4 Nf6 5. Bg5 Nc6 6. Qd2 Bg7 7. f4 d6 8. Nf3 Bg4 9. Be2 O-O 10. h3 Bxf3 11. Bxf3 Rc8 12. O-O-O Qa5 13. Kb1 Nd7 14. Nd5 Qxd2 15. Rxd2 f6 16. Bh4 Rfe8 17. Bg4 Red8 18. Rhd1 Kf8 19. e5 f5 20. exd6 exd6 21. Bxd8 fxg4 22. Bc7 gxh3 23. Bxd6+ Kf7 24. gxh3 Nf6 25. Nxf6 Bxf6 26. Bc5 b6 27. Rd7+ Kg8 28. Bg1 Re8 29. R7d6 1-0


[Site "https://www.chess.com"]

[Event "Titled Tuesday Blitz May 2 Early 2023"]
[White "Sai Han Thiha"]
[Black "Bruedigam, Martin"]
[WhiteFideId "13012290"]
[BlackFideId "24608033"]
[WhiteElo "1954"]
[BlackElo "2331"]
[Result "0-1"]
[Round "08"]
[TimeControl "180+2"]
[Date "2023.05.02"]
[WhiteClock "0:00:02"]
[BlackClock "0:00:15"]

1. d4 d5 2. c4 e6 3. Nc3 a6 4. cxd5 exd5 5. Nf3 Nf6 6. Bg5 Be6 7. e3 Nbd7 8. Bd3 Bd6 9. Bf4 Qe7 10. O-O O-O 11. h3 c6 12. Re1 Rfe8 13. Rb1 Nf8 14. Bxd6 Qxd6 15. b4 b5 16. a4 N6d7 17. a5 Ng6 18. Na2 Ne7 19. Qc2 g6 20. Nc1 Bf5 21. Nb3 Bxd3 22. Qxd3 Qxb4 23. Rec1 Qd6 24. Nc5 Nxc5 25. dxc5 Qc7 26. Rb4 Qxa5 27. Rf4 Qc7 28. Nd4 a5 29. g4 a4 30. Qa3 Reb8 31. Nc2 Qe5 32. Rd4 Kf8 33. Nb4 Rc8 34. f4 Qe6 35. Kf2 Ng8 36. Nd3 Nf6 37. Ne5 Nd7 38. Nd3 Re8 39. Re1 Nf6 40. Ne5 Kg8 41. Kf3 Ne4 42. h4 f6 43. Nd3 Qe7 44. h5 Nd2+ 45. Kf2 Nc4 46. Qc3 a3 47. hxg6 hxg6 48. f5 g5 49. Rh1 Kg7 50. Nb4 Qc7 51. Rdd1 Rh8 52. Rxh8 Rxh8 53. Na6 Qh2+ 54. Ke1 Qg2 55. Qxf6+ Kxf6 0-1


[Site "https://www.chess.com"]

[Event "Titled Tuesday Blitz May 2 Early 2023"]
[White "Koridze, Lile"]
[Black "Pham, Le Thao Nguyen"]
[WhiteFideId "13612514"]
[BlackFideId "12401226"]
[WhiteElo "2047"]
[BlackElo "2286"]
[Result "0-1"]
[Round "08"]
[TimeControl "180+2"]
[Date "2023.05.02"]
[WhiteClock "0:01:06"]
[BlackClock "0:00:16"]

1. d4 Nf6 2. c4 e6 3. Nf3 b6 4. g3 Bb7 5. Bg2 Bb4+ 6. Bd2 a5 7. O-O O-O 8. a3 Bxd2 9. Nbxd2 d6 10. Qc2 Nbd7 11. b4 e5 12. dxe5 Nxe5 13. Nxe5 Bxg2 14. Nxf7 Rxf7 15. Kxg2 Qe7 16. e3 Ng4 17. Qe4 Qxe4+ 18. Nxe4 h6 19. h3 Ne5 20. c5 dxc5 21. bxc5 b5 22. Rab1 c6 23. Rfd1 Nc4 24. Rd3 Raf8 25. Rc1 a4 26. Rc2 Re7 27. Nd6 Ne5 28. Rd4 Nf3 29. Rd1 Re6 30. e4 g6 31. Rd3 Ne1+ 32. Kg1 Nxd3 33. Rc3 Nxf2 0-1


[Site "https://www.chess.com"]

[Event "Titled Tuesday Blitz May 2 Early 2023"]
[White "Marcziter, Dmitrii"]
[Black "Vitenberg, Noam Aviv"]
[WhiteFideId "13900765"]
[BlackFideId "1532138"]
[WhiteElo "2162"]
[BlackElo "2236"]
[Result "0-1"]
[Round "08"]
[TimeControl "180+2"]
[Date "2023.05.02"]
[WhiteClock "0:00:38"]
[BlackClock "0:01:14"]

1. e4 Na6 2. d4 c6 3. c4 d5 4. cxd5 cxd5 5. Nc3 dxe4 6. Nxe4 Nf6 7. Nc3 Nc7 8. Bc4 Be6 9. Be2 Bd5 10. Nf3 e6 11. O-O Be7 12. Bf4 O-O 13. Rc1 Rc8 14. Qa4 a6 15. Rfd1 Bc6 16. Qb3 Ncd5 17. Bg5 Nxc3 18. bxc3 Qa5 19. Ne5 Ba4 20. Qxb7 Bxd1 21. Rxd1 Rc7 22. Nc6 Rxb7 23. Nxa5 Rb2 24. Bc4 Nd5 25. Bc1 Rc2 26. Nc6 Bf6 27. Bxa6 Nxc3 28. Re1 Ra8 29. Bc4 Rc8 30. Bb3 Rxc1 31. Rxc1 Ne2+ 32. Kf1 Nxc1 33. Ne5 Nxb3 34. axb3 Bxe5 0-1


[Site "https://www.chess.com"]